Map: Emerald City LE

Players

qqq

  • Race: Zerg Zerg

Massa

  • Race: Terran Terran
  • League: Platinum

KoB - Winner!

  • Race: Protoss Protoss

Larry - Winner!

  • Race: Protoss Protoss

VOD

Have the link to the VOD?

Description

Time

  • Played on: April 10, 2021, 4 p.m.
  • Length: 9:48
Show
View Real Time Build Order
Export as new Build Order

qqq Zerg 

Build Orders: Hatch First 

Get SALT Encoding   

  12  0:01  Drone  
  13  0:08  Drone  
  14  0:26  Overlord  
  14  0:48  Hatchery  
  13  1:02  Drone x3  
  16  1:20  Spawning Pool  
  15  1:26  Extractor  
  15  1:27  Drone  
  15  1:33  Drone  
  15  1:38  Drone  
  17  1:47  Drone  
  18  1:50  Extractor  
  17  2:10  Queen  
  21  2:25  Roach Warren  
  21  2:27  Drone  
  21  2:31  Lair  
  21  2:33  Drone  
  20  2:43  Drone x2  
  22  2:57  Queen  
  23  2:59  Zergling x2  
  23  3:01  Zergling x2  
  22  3:13  Roach  
  22  3:26  Drone  
  22  3:27  Drone  
  23  3:35  Drone  
  23  3:36  Drone  
  25  3:48  Glial Reconstitution  
  25  3:51  Drone  
  25  3:53  Drone  
  27  4:00  Overlord  
  27  4:07  Overlord  
  27  4:19  Roach  
  27  4:20  Drone x2  
  27  4:23  Roach  
  33  4:27  Roach  
  35  4:38  Zergling x4  
  35  4:40  Metabolic Boost  
  37  4:48  Drone x2  
  37  4:49  Drone  
  40  4:55  Roach  
  40  4:57  Drone  
  43  5:02  Overlord  
  43  5:12  Overlord  
  37  5:29  Roach x5  
  37  5:30  Drone  
  48  5:41  Roach x2  
  48  5:42  Roach  
  54  5:45  Drone  
  54  5:47  Drone  
  56  5:54  Evolution Chamber  
  55  6:15  Drone  
  55  6:16  Drone x3  
  55  6:17  Overlord x2  
  59  6:22  Zerg Missile Weapons Level 1  
  59  6:24  Hydralisk Den  
  59  6:25  Drone  
  59  6:39  Zergling x2  
  61  6:40  Drone x2, Zergling x2  
  63  6:59  Muscular Augments  
  63  7:00  Lurker Den  
  62  7:02  Drone, Overlord  
  62  7:03  Drone, Roach x2  
  67  7:14  Hydralisk  
  68  7:16  Overlord x4  
  67  7:24  Overlord x2  
  65  7:48  Hydralisk x2, Roach x4  
  73  8:01  Roach  
  73  8:02  Roach  
  77  8:22  Hatchery  
  77  8:24  Lurker  
  77  8:29  Zergling x4  
  79  8:38  Extractor  
  79  8:39  Extractor  
  77  8:48  Zergling x4  
  77  9:02  Hatchery  
  70  9:06  Roach x2  
  72  9:14  Drone  
  72  9:15  Drone x2  
Show
View Real Time Build Order
Export as new Build Order

Massa Terran 

Build Orders: 2 Factory, Cyclone Opening 

Get SALT Encoding   

  12  0:00  SCV  
  13  0:12  SCV  
  14  0:23  Supply Depot  
  14  0:24  SCV  
  15  0:30  Refinery  
  15  0:45  SCV  
  15  0:46  Barracks  
  16  0:57  SCV  
  17  1:09  SCV  
  18  1:12  Refinery  
  18  1:21  SCV  
  19  1:38  Orbital Command  
  19  1:41  Factory  
  19  1:46  Barracks Tech Lab  
  19  2:01  Supply Depot  
  19  2:05  Factory  
  19  2:07  SCV  
  20  2:20  SCV, Barracks Tech Lab  
  21  2:31  Cyclone  
  21  2:32  SCV  
  26  2:44  SCV  
  26  2:52  Mag-Field Accelerator  
  26  3:00  Cyclone  
  29  3:37  Supply Depot  
  29  3:38  Supply Depot  
  29  3:45  Barracks Tech Lab  
  29  3:58  Cyclone x2, Command Center  
  29  4:01  Supply Depot  
  35  4:06  Supply Depot  
  35  4:26  SCV  
  35  4:31  Cyclone  
  34  4:38  SCV  
  34  4:41  Cyclone  
  37  4:50  SCV  
  38  5:03  Cyclone  
  38  5:37  SCV  
  38  5:39  Orbital Command  
  38  5:40  Siege Tank x2  
  45  6:06  SCV x2  
  45  6:10  Stimpack  
  47  6:14  Barracks  
  47  6:18  SCV x2  
  47  6:20  Siege Tank  
  47  6:22  Barracks  
  47  6:24  Widow Mine  
  54  6:27  Barracks  
  54  6:28  Barracks  
  51  6:52  Widow Mine  
  48  7:12  Refinery  
  47  7:20  Siege Tank x2  
  47  7:22  Marauder  
  55  7:42  Refinery  
  55  7:43  Marauder  
  52  8:14  Orbital Command  
  52  8:19  Barracks Tech Lab  
  52  8:23  Barracks Reactor  
  49  8:31  Marauder  
  46  8:46  Barracks Reactor  
  46  8:53  Supply Depot  
  46  8:55  Supply Depot x2  
  46  9:01  Engineering Bay  
  46  9:14  SCV x2, Marauder, Marine x3  
  54  9:21  Barracks Reactor, Supply Depot x2  
  53  9:25  Marine x2  
  53  9:26  SCV  
  57  9:31  Ghost Academy  
Show
View Real Time Build Order
Export as new Build Order

KoB Protoss - Winner!

Build Orders: 1 Gate Expand 

Get SALT Encoding   

  12  0:00  Probe  
  13  0:12  Probe  
  14  0:23  Pylon  
  14  0:24  Probe  
  15  0:41  Probe (Chrono Boost)  
  16  0:43  Gateway  
  16  0:46  Assimilator  
  16  0:52  Probe (Chrono Boost)  
  17  0:57  Probe (Chrono Boost)  
  18  1:08  Probe (Chrono Boost)  
  19  1:17  Probe (Chrono Boost)  
  20  1:22  Probe  
  20  1:33  Cybernetics Core  
  20  1:43  Nexus  
  20  1:52  Pylon  
  20  1:59  Assimilator  
  20  2:06  Stalker (Chrono Boost)  
  20  2:10  Warp Gate  
  20  2:12  Probe  
  23  2:25  Probe  
  23  2:29  Stalker  
  26  2:37  Probe  
  27  2:49  Probe  
  27  2:50  Robotics Facility  
  28  2:55  Gateway  
  28  3:04  Probe  
  29  3:09  Gateway  
  29  3:17  Probe  
  30  3:20  Probe  
  31  3:29  Probe  
  31  3:30  Shield Battery  
  31  3:32  Probe  
  33  3:36  Immortal (Chrono Boost)  
  37  3:43  Probe  
  38  3:55  Probe  
  39  3:56  Pylon  
  39  3:58  Probe  
  40  4:04  Pylon  
  40  4:07  Probe  
  40  4:09  Observer  
  42  4:10  Probe, Stalker  
  45  4:17  Stalker  
  45  4:19  Probe  
  45  4:22  Stalker  
  50  4:25  Probe  
  50  4:31  Probe  
  53  4:38  Probe  
  53  4:40  Observer  
  53  4:43  Probe  
  53  4:44  Pylon  
  55  4:48  Twilight Council, Assimilator  
  55  4:50  Probe  
  55  4:51  Stalker  
  58  4:53  Assimilator  
  58  4:56  Pylon  
  58  4:57  Probe  
  59  5:14  Probe, Stalker x2  
  63  5:15  Probe  
  63  5:19  Observer  
  65  5:26  Probe  
  65  5:27  Probe  
  67  5:33  Blink (Chrono Boost)  
  67  5:35  Robotics Bay  
  67  5:39  Probe  
  69  5:43  Stalker x2  
  72  5:55  Nexus  
  72  5:59  Stalker  
  72  6:00  Probe x2  
  72  6:02  Pylon  
  76  6:06  Pylon  
  76  6:10  Pylon  
  76  6:13  Forge  
  76  6:17  Probe x2  
  78  6:26  Forge  
  78  6:29  Probe x2  
  78  6:43  Stalker x3  
  78  6:46  Probe x2  
  86  6:54  Gateway  
  86  6:55  Gateway  
  86  6:59  Gateway  
  86  7:05  Gateway  
  86  7:06  Gateway  
  86  7:08  Observer, Protoss Ground Weapons Level 1 (Chrono Boost), Protoss Ground Armor Level 1 (Chrono Boost)  
  86  7:21  Probe x2  
  87  7:23  Photon Cannon  
  87  7:24  Charge  
  87  7:26  Shield Battery  
  87  7:31  Immortal  
  87  7:32  Probe  
  87  7:33  Probe  
  93  7:37  Probe  
  93  7:44  Probe  
  95  7:53  Probe  
  96  8:04  Probe  
  96  8:05  Probe  
  98  8:07  Nexus  
  98  8:08  Assimilator  
  98  8:09  Pylon  
  98  8:10  Probe  
  98  8:11  Assimilator  
  99  8:12  Pylon  
  99  8:16  Probe  
  99  8:19  Stalker x2  
  104  8:20  Stalker x3  
  104  8:25  Probe  
  111  8:29  Photon Cannon  
  111  8:31  Shield Battery  
  111  8:37  Robotics Facility  
  111  8:38  Robotics Facility  
  111  8:40  Probe  
  112  8:50  Pylon  
  112  8:52  Stalker x6  
  124  8:57  Observer  
  124  8:59  Stalker  
  124  9:00  Probe x2, Stalker  
  130  9:07  Observer  
  130  9:09  Photon Cannon, Shield Battery  
  131  9:21  Probe x3  
  134  9:24  Probe  
  134  9:25  Assimilator  
  134  9:28  Assimilator  
  134  9:30  Stalker x3  
  141  9:33  Probe  
  141  9:34  Probe  
  141  9:47  Zealot  
  141  9:48  Zealot x2  
Show
View Real Time Build Order
Export as new Build Order

Larry Protoss - Winner!

Build Orders: Zealot Archon 

Get SALT Encoding   

  12  0:00  Probe  
  13  0:12  Probe  
  14  0:19  Pylon  
  14  0:24  Probe  
  15  0:37  Probe (Chrono Boost)  
  15  0:38  Gateway  
  16  0:48  Probe (Chrono Boost), Assimilator  
  17  0:53  Probe (Chrono Boost)  
  18  0:57  Assimilator  
  18  1:04  Probe (Chrono Boost)  
  19  1:10  Gateway  
  19  1:13  Probe (Chrono Boost)  
  20  1:18  Probe (Chrono Boost)  
  21  1:26  Cybernetics Core  
  21  1:30  Probe  
  22  1:36  Pylon  
  22  1:42  Probe  
  23  1:54  Probe  
  24  2:02  Adept x2  
  24  2:03  Warp Gate  
  24  2:07  Probe (Chrono Boost)  
  24  2:08  Pylon  
  29  2:17  Probe (Chrono Boost)  
  29  2:22  Probe (Chrono Boost)  
  31  2:34  Nexus  
  31  2:36  Probe  
  32  2:44  Sentry  
  32  2:47  Sentry  
  32  2:49  Probe  
  37  2:53  Pylon  
  37  3:03  Probe  
  38  3:19  Probe  
  37  3:23  Robotics Facility  
  37  3:24  Forge  
  37  3:31  Probe  
  36  3:41  Gateway  
  36  3:43  Probe  
  36  3:44  Protoss Ground Weapons Level 1 (Chrono Boost)  
  37  3:50  Probe  
  37  3:52  Stalker x2  
  43  3:55  Probe  
  43  3:59  Shield Battery  
  43  4:02  Probe  
  44  4:07  Probe, Warp Prism (Chrono Boost)  
  45  4:14  Probe  
  48  4:19  Stalker  
  48  4:20  Stalker  
  52  4:35  Probe x2  
  54  4:39  Pylon  
  54  4:45  Twilight Council  
  54  4:49  Nexus  
  54  4:51  Pylon  
  54  4:57  Probe x2  
  56  5:01  Assimilator  
  56  5:02  Assimilator  
  56  5:06  Immortal (Chrono Boost)  
  60  5:16  Shield Battery  
  60  5:17  Shield Battery  
  60  5:29  Probe x2  
  60  5:31  Stalker x3  
  68  5:37  Charge (Chrono Boost), Pylon  
  68  5:41  Probe  
  69  5:44  Probe  
  69  5:48  Protoss Ground Weapons Level 2 (Chrono Boost)  
  70  5:53  Probe  
  70  5:56  Probe  
  72  6:05  Probe x2  
  72  6:08  Probe  
  72  6:09  Zealot x3  
  81  6:16  Gateway  
  81  6:17  Probe x2, Gateway  
  83  6:20  Gateway  
  83  6:26  Probe  
  83  6:28  Pylon  
  83  6:29  Probe  
  83  6:31  Templar Archives  
  85  6:40  Zealot x3  
  87  6:55  Probe x2  
  87  6:57  Pylon  
  87  6:59  Pylon  
  89  7:04  Zealot x3  
  95  7:20  Immortal  
  95  7:27  Zealot x6  
  97  7:52  High Templar x6  
  109  7:59  Archon x3  
  89  8:15  Warp Prism  
  85  8:20  Probe  
  85  8:21  Probe  
  85  8:24  Gateway  
  85  8:25  Gateway  
  85  8:26  Gateway  
  83  8:29  Gateway  
  71  8:36  Zealot x6  
  71  8:41  Probe x2  
  85  8:42  Probe  
  86  8:57  Dark Shrine  
  86  9:01  Zealot x6  
  98  9:13  Pylon  
  98  9:15  Pylon  
  98  9:17  Pylon  
  98  9:28  Zealot x6  
  98  9:29  Zealot x4  
Tags
 
Add a new tag
Caveats
  • Supply blocks, unpowered buildings, or Contaminate may cause inaccurate times.
  • Supply counts are checked every 10 seconds.